 Dungeon Crawl Stone Soup version 0.25-a0-353-ged6d54792d (webtiles) character file.

Game seed: 18100988142597668683, levelgen mode: deterministic

38 BritishOli the Ducker (level 3, -2/28 HPs)
             Began as a Demonspawn Gladiator on Jan 2, 2020.
             Slain by an orc (3 damage)
             ... on level 2 of the Dungeon.
             The game lasted 00:01:01 (1182 turns).

BritishOli the Ducker (Demonspawn Gladiator)        Turns: 1182, Time: 00:01:02

Health: -2/28      AC:  3    Str: 15    XL:     3   Next: 25%
Magic:  3/3        EV: 13    Int:  9    God:
Gold:   88         SH:  0    Dex: 14    Spells: 2/2 levels left

rFire    + . .     SeeInvis .   a - +0 long sword
rCold    + . .     Gourm    .   (no shield)
rNeg     . . .     Faith    .   b - +0 leather armour
rPois    .         Spirit   .   (helmet restricted)
rElec    .         Reflect  .   e - scarf {rC+ rF+}
rCorr    .         Harm     .   (no gloves)
MR       .....                  (no boots)
Stlth    +.........             (no amulet)
HPRegen  0.09/turn              k - ring of flight
MPRegen  0.08/turn              (no ring)

@: no status effects
A: antennae 1
a: Evoke Flight


You were on level 2 of the Dungeon.
You were hungry.

You visited 1 branch of the dungeon, and saw 2 of its levels.

You collected 88 gold pieces.

Inventory:

Hand Weapons
 a - a +0 long sword (weapon)
Missiles
 d - 3 throwing nets (quivered)
Armour
 b - a +0 leather armour (worn)
 c - a +0 helmet
 e - a scarf of resistance (worn)
Jewellery
 k - a ring of flight (left hand)
 l - a cursed -5 ring of protection {unknown}
 m - an uncursed ring of resist corrosion {unknown}
Scrolls
 g - a scroll of remove curse {unknown}
 i - a scroll of noise {unknown}
Potions
 h - a potion of might {unknown}
 j - 2 potions of mutation {unknown}
Comestibles
 f - 2 rations


   Skills:
 + Level 2.4 Fighting
 + Level 3.0 Long Blades
 - Level 2.0 Throwing
 + Level 1.0 Armour
 + Level 3.0 Dodging


You had 2 spell levels left.
You didn't know any spells.
Your spell library was empty.

Dungeon Overview and Level Annotations

Branches:
Dungeon (2/15)

Altars:


Innate Abilities, Weirdness & Mutations

You have a pair of small antennae on your head.


Message History

A hobgoblin comes into view. It is wielding a +0 club.
You see here 3 boomerangs.
The orc closely misses you.
You see here a worm corpse.
You see here a kobold corpse.
You hit the orc.
The orc is lightly wounded.
The orc hits you with a +0 flail.
You closely miss the orc.
The orc is lightly wounded.
The orc hits you with a +0 flail.
You barely miss the orc.
The orc is lightly wounded.
You hit the orc.
The orc is moderately wounded.
The hobgoblin shouts!
The orc hits you with a +0 flail!
* * * LOW HITPOINT WARNING * * *
The orc hits you.
You die...

#...# #.. #...# #.#### ...#
#.... # # #..#.#... #
#.##..#.#.. # .......#.#
###..###.# #..(ooo@o##### #
.......go###†....##### #
.........##..........# +
.........##.......##### #
g.................(...######
.........##......#####.....#
......#....................#
##.#......##......#...)....#
...#.......#.#..#...#


You could see an orc priest, 4 orcs and a hobgoblin.

Vanquished Creatures
  3 worms (D:2)
  3 dart slugs
  3 goblins (D:1)
  2 hobgoblins (D:1)
  2 jackals (D:2)
  4 kobolds
  4 frilled lizards
  2 rats (D:1)
23 creatures vanquished.

Notes
Turn   | Place    | Note
-------+----------+-------------------------------------------
     0 | D:1      | BritishOli the Demonspawn Gladiator began the quest for the
                  | Orb.
     0 | D:1      | Reached XP level 1. HP: 16/16 MP: 1/1
    91 | D:1      | Gained mutation: You have a pair of small antennae on your
                  | head. [demonic ancestry]
    91 | D:1      | Reached XP level 2. HP: 2/22 MP: 2/2
  1144 | D:2      | Reached XP level 3. HP: 13/28 MP: 3/3
  1145 | D:2      | Reached skill level 1 in Armour
  1182 | D:2      | HP: 1/28 [orc/+0 flail (9)]
  1182 | D:2      | Slain by an orc

Levels and vault maps discovered:
D:1:      wander_arrival_chamber, layout_basic, minmay_misc_feat_square,
          ebering_dispersal_statue_hall, wander_ebering_terrifying_dragon_lair
D:2:      layout_basic, grunt_ministairs_5, trog_book

Skill      XL: |  1  2  3 |
---------------+----------+-----
Throwing       | 2 |  2.0
Long Blades    | 3 |  3.0
Dodging        | 3 |  3.0
Armour         | 1 |  1.0
Fighting       | |  2.4

Action                   || total
-------------------------++-------
Melee: Long sword        ||    70
Armor: Leather armour    ||     9
Dodge: Dodged            ||    58
       Rpst.: Long sword ||    22

Table legend:
 A = Non-vault XP
 B = Vault XP
 C = Vault XP percentage of total XP
 D = Non-vault monster count
 E = Vault monster count
 F = Vault count percentage of total count
                 A         B        C        D         E       F
            +---------+---------+-------+---------+---------+-------
      Total |      44 |      11 |  20.0 |      19 |       4 |  17.4
            +---------+---------+-------+---------+---------+-------
        D:1 |      20 |       1 |   4.8 |      10 |       1 |   9.1
        D:2 |      24 |      10 |  29.4 |       9 |       3 |  25.0
            +---------+---------+-------+---------+---------+-------
